 Seeded DCSS version 0.27-a0-1188-g73eefd5def (webtiles) character file.

Game seed: 15108330836226212937 (custom seed)

35 oldmanjim the Magician (level 3, 0/24 HPs)
             Began as a Demonspawn Hedge Wizard on May 22, 2021.
             Slain by Crazy Yiuf
             ... wielding a +4 quarterstaff of chaos
              (2 damage)
             ... on level 2 of the Dungeon.
             The game lasted 00:18:19 (1984 turns).

oldmanjim the Magician (Demonspawn Hedge Wizard)    Turns: 1984, Time: 00:18:20

Health: 0/24       AC:  2    Str: 10    XL:     3   Next: 17%
Magic:  7/7        EV: 12    Int: 16    God:
Gold:   15         SH:  0    Dex: 12    Spells: 7/8 levels left

rFire    . . .     SeeInvis .   l - +4 short sword
rCold    . . .     Faith    .   (no shield)
rNeg     . . .     Spirit   .   b - +0 robe
rPois    .         Reflect  .   c - +0 hat
rElec    .         Harm     .   (no cloak)
rCorr    .         Rampage  .   (no gloves)
Will     .....                  (no boots)
Stlth    ++........             (no amulet)
HPRegen  0.08/turn              (no ring)
MPRegen  0.10/turn              (no ring)

@: no status effects
A: spiny 1
a: no special abilities


You were on level 2 of the Dungeon.
You visited 1 branch of the dungeon, and saw 2 of its levels.

You collected 43 gold pieces.
You spent 28 gold pieces at shops.

Inventory:

Hand Weapons
 a - a +0 dagger
 l - a +4 short sword (weapon)
Armour
 b - a +0 robe (worn)
 c - a +0 hat (worn)
Scrolls
 f - a scroll of blinking {unknown}
 h - a scroll of noise {unknown}
 j - a scroll of silence {unknown}
Potions
 d - a potion of lignification {unknown}
 e - a potion of curing {unknown}
 g - a potion of berserk rage {unknown}
 i - a potion of degeneration {unknown}
 k - 2 potions of haste {unknown}


   Skills:
 + Level 0.0 Fighting
 + Level 0.0 Short Blades
 - Level 1.7 Dodging
 * Level 2.9 Stealth
 - Level 3.0 Spellcasting
 + Level 2.1 Conjurations
 - Level 1.0 Summonings
 - Level 0.8 Translocations


You had 7 spell levels left.
You knew the following spells:

 Your Spells              Type           Power      Damage    Failure   Level
a - Magic Dart            Conj           36%        1d4       8%          1

Your spell library contained the following spells:

 Spells                   Type           Power      Damage    Failure   Level
 Beastly Appendage        Tmut           4%         N/A       19%         1
 Call Imp                 Summ           5%         N/A       19%         2
 Blink                    Tloc           N/A        N/A       21%         2
 Slow                     Hex            2%         N/A       28%         2
 Wereblood                Tmut           2%         N/A       28%         2
 Conjure Flame            Conj/Fire      5%         6-21      36%         3
 Mephitic Cloud           Conj/Pois/Air  4%         N/A       38%         3
 Spider Form              Tmut/Pois      1%         N/A       50%         3
 Ice Form                 Ice/Tmut       2%         N/A       88%         4
 Hydra Form               Tmut           1%         N/A       99%         5


Dungeon Overview and Level Annotations

Branches:
Dungeon (2/15)

Altars:

Shops:
D:2 *

Annotations:
D:2 Crazy Yiuf, Jessica


Innate Abilities, Weirdness & Mutations

You are partially covered in sharp spines.


Message History

Aiming: Magic Dart (safe; 8% risk of failure)
Press: ? - help, Shift-Dir - straight line, f/p - endoplasm
Aim: an endoplasm (heavily wounded, 100% to hit)
The magic dart hits the endoplasm.
The endoplasm is almost dead.
Casting: Magic Dart (safe; 8% risk of failure)
Confirm with . or Enter, or press ? or * to list all spells.
Aiming: Magic Dart (safe; 8% risk of failure)
Press: ? - help, Shift-Dir - straight line, f/p - endoplasm
Aim: an endoplasm (almost dead, 100% to hit)
The magic dart hits the endoplasm.
You kill the endoplasm!
You start resting.
Magic restored.
There is an entrance to Rojuuscha's Assorted Antiques here.
Found a mace.
Found a mace.
You see here a +0 mace.
Found a mace.
Found a runed translucent door.
Press: ? - help, v - describe, . - travel A stone wall.
Unknown command.
You open the door.
There is an open translucent door here.
Crazy Yiuf shouts!
Crazy Yiuf hits you with a +4 quarterstaff of chaos!
Ouch! That really hurt!
You suddenly lose the ability to move!
Crazy Yiuf whimpers, "Cards!"
Crazy Yiuf hits you with a +4 quarterstaff of chaos!
* * * LOW HITPOINT WARNING * * *
You resist with some effort.
You can move again.
You hit Crazy Yiuf.
Crazy Yiuf is lightly wounded.
Crazy Yiuf closely misses you.
You closely miss Crazy Yiuf.
Crazy Yiuf is lightly wounded.
Crazy Yiuf hits you with a +4 quarterstaff of chaos.
You die...

♣...♣♣
######.#####
♣♣.♣♣
#...........
♣.♣♣
######.#####
♣♣.♣
#......###..
♣.♣♣
#........>..
♣♣.♣
#......###.#
##'##
#.....)# #.#
#...#
#......# #.#
#.@.#
#......# #.#
#.g)#
#....... ..#
#####
######## ###


You could see Crazy Yiuf.

Vanquished Creatures
  A dart slug (D:1)
  5 bats
  3 endoplasms
  2 goblins
  3 hobgoblins
  4 jackals (D:1)
  3 kobolds
  4 quokkas
  2 rats
27 creatures vanquished.

Notes
Turn   | Place    | Note
-------+----------+-------------------------------------------
     0 | D:1      | oldmanjim the Demonspawn Hedge Wizard began the quest for
                  | the Orb.
     0 | D:1      | Reached XP level 1. HP: 13/13 MP: 4/4
   512 | D:1      | Gained mutation: You are partially covered in sharp spines.
                  | [demonic ancestry]
   512 | D:1      | Reached XP level 2. HP: 12/19 MP: 3/6
  1516 | D:2      | Reached XP level 3. HP: 18/24 MP: 2/7
  1602 | D:2      | Found Rojuuscha's Assorted Antiques.
  1610 | D:2      | Bought a scroll labelled MEMIOD ARIETSU for 28 gold pieces
  1673 | D:2      | Noticed Jessica
  1974 | D:2      | Found a runed translucent door.
  1975 | D:2      | Noticed Crazy Yiuf
  1981 | D:2      | Paralysed by Crazy Yiuf for 2 turns
  1984 | D:2      | Slain by Crazy Yiuf

Illustrated notes

Levels and vault maps discovered:
D:1:      lemuel_arrival_hallway, layout_rooms,
          ebering_ecumenical_altar_sacrificial, kennysheep_flooded_box
D:2:      layout_basic, serial_shops, shop, st_stairs_6,
          uniq_crazy_yiuf_cottage, uniq_jessica

Skill      XL: |  1  2 |
---------------+-------+-----
Stealth        | 2 |  2.9
Conjurations   | 2 |  2.1
Dodging        | |  1.7
Spellcasting   | |  3.0
Summonings     | |  1.0
Translocations | |  0.8

Action                   || total
-------------------------++-------
Melee: Dagger            ||    48
       Short sword       ||     2
 Cast: Magic Dart        ||    57
  Use: Scroll            ||     1
 Stab: Sleeping          ||     1
Armor: Robe              ||    13
Dodge: Dodged            ||    35

Table legend: (Time is in decaauts)
 A = Elapsed time spent in this place.
 B = Non-inter-level travel time spent in this place.
 C = Inter-level travel time spent in this place.
 D = Time resting spent in this place.
 E = Time spent auto-exploring this place.
 F = Levels seen in this place.
 G = Mean time per level.
                   A        B        C        D        E       F      G
               +--------+--------+--------+--------+--------+-----+--------+
         Total |   1983 |   1983 |      0 |   1051 |     89 |   2 |  991.5 |
       Dungeon |   1983 |   1983 |      0 |   1051 |     89 |   2 |  991.5 |
               +--------+--------+--------+--------+--------+-----+--------+

Top non-repeatable levels by time:
     D:1: 1101 daAuts
     D:2: 882 daAuts
